[Event "Titled Tuesday Blitz October 26 2021"]
[White "Trent, Lawrence"]
[Black "Samadov, Read"]
[WhiteFideId "408638"]
[BlackFideId "13417444"]
[WhiteElo "2474"]
[BlackElo "2084"]
[Result "0-1"]
[Round "05"]
[TimeControl "180+1"]
[Date "2021.10.26"]
[WhiteClock "0:00:01"]
[BlackClock "0:00:07"]

1. f4 d5 2. Nf3 Nf6 3. g3 g6 4. Bg2 Bg7 5. O-O O-O 6. d3 b6 7. Ne5 Bb7 8. Nd2 Nbd7 9. Ndf3 c5 10. c3 Rc8 11. Qe1 Nxe5 12. fxe5 Nd7 13. Bf4 d4 14. c4 e6 15. h4 Bxf3 16. exf3 Qc7 17. Qe2 Bxe5 18. Bxe5 Qxe5 19. Qf2 Qf5 20. Rad1 Kg7 21. Kh2 Qf6 22. f4 h5 23. Rde1 Rfe8 24. a3 Qe7 25. Bf3 Nf6 26. Re5 Nd7 27. Re2 Qd6 28. Qe1 f5 29. Qd1 e5 30. Rfe1 Re7 31. Qa4 a5 32. Qb5 Kf8 33. Bd5 Rce8 34. Bc6 exf4 35. Rxe7 fxg3+ 36. Kh3 Rxe7 37. Rxe7 Kxe7 38. Bxd7 Qxd7 39. Qxb6 f4+ 40. Kg2 Qf5 41. Qc7+ Kf6 42. Qd6+ Kg7 43. Qe7+ Kh6 44. b4 axb4 45. axb4 cxb4 0-1


[Site "https://www.chess.com"]

[Event "Titled Tuesday Blitz October 26 2021"]
[White "Urazayev, Arystanbek"]
[Black "Anuj Shrivatri"]
[WhiteFideId "13709810"]
[BlackFideId "35070924"]
[WhiteElo "2321"]
[BlackElo "2038"]
[Result "0-1"]
[Round "05"]
[TimeControl "180+1"]
[Date "2021.10.26"]
[WhiteClock "0:00:17"]
[BlackClock "0:00:09"]

1. e4 e5 2. Nf3 Nc6 3. Bb5 a6 4. Ba4 Nf6 5. O-O Be7 6. d3 b5 7. Bb3 d6 8. c3 Na5 9. Bc2 c5 10. Nbd2 O-O 11. Re1 Re8 12. Nf1 Bf8 13. Ng3 Nc6 14. d4 cxd4 15. cxd4 Bg4 16. dxe5 Nxe5 17. Bf4 Rc8 18. Bb3 Qb6 19. Be3 Qb7 20. Bg5 Nh5 21. Bd5 Qc7 22. Qb3 h6 23. Nxe5 dxe5 24. Rac1 Qd7 25. Be3 Nf4 26. Bxf4 exf4 27. Nf1 a5 28. Nd2 Bb4 29. Qd3 Rxc1 30. Rxc1 Rd8 31. a3 Bxd2 32. Qxd2 Be6 33. Rd1 Bxd5 34. exd5 Qc8 35. Qxf4 Qc2 36. Qd2 Qxd2 37. Rxd2 Kf8 38. f3 Ke7 39. Kf2 Kd6 40. Ke3 Re8+ 41. Kd4 a4 42. Rc2 Re1 43. Rc6+ Kd7 44. Rb6 Re2 45. Rxb5 Rxg2 46. Rb7+ Kd6 47. Rxf7 Rd2+ 48. Kc3 Rxh2 49. Rxg7 Kxd5 50. Rg4 Rh3 51. Rxa4 Rxf3+ 52. Kb4 Rf4+ 53. Kb5 Rxa4 54. Kxa4 h5 55. Kb5 h4 56. a4 h3 57. b4 h2 58. Kb6 h1=Q 59. b5 Qg1+ 60. Kb7 Kc5 61. b6 Qg6 62. a5 Kb5 63. Kc7 Qf7+ 64. Kc8 Ka6 65. Kd8 Qb7 66. Ke8 Kxa5 67. Kd8 Kxb6 68. Ke8 Kc6 69. Kf8 Kd6 70. Kg8 Ke6 71. Kf8 Kf6 72. Ke8 Qe7# 0-1


[Site "https://www.chess.com"]

[Event "Titled Tuesday Blitz October 26 2021"]
[White "atbenina64"]
[Black "Nikitenko, Mihail"]
[BlackFideId "13506862"]
[WhiteElo "2590"]
[BlackElo "2430"]
[Result "1/2-1/2"]
[Round "05"]
[TimeControl "180+1"]
[Date "2021.10.26"]
[WhiteClock "0:01:56"]
[BlackClock "0:01:02"]

1. e4 e5 2. Nf3 Nc6 3. Nc3 Nf6 4. d4 exd4 5. Nxd4 Bc5 6. Be3 Bb6 7. Qd2 d5 8. exd5 Nxd5 9. Bg5 Nde7 10. Nxc6 Qxd2+ 11. Kxd2 Nxc6 12. Re1+ Be6 13. Bc4 Bxf2 14. Re2 O-O 15. Bxe6 fxe6 16. Rxe6 h6 17. Be3 Rad8+ 18. Kc1 Bxe3+ 19. Rxe3 Rf2 20. Re2 Rdf8 21. Rhe1 Nd4 22. Rd2 c5 23. Ne4 Rf1 24. Rxf1 Rxf1+ 25. Rd1 Rf5 26. c3 Ne6 27. Kd2 b6 28. Ke3 Re5 29. Kf3 Rf5+ 30. Ke3 Re5 31. Kf3 Rf5+ 32. Ke3 1/2-1/2


[Site "https://www.chess.com"]

[Event "Titled Tuesday Blitz October 26 2021"]
[White "Andreikin, Dmitry"]
[Black "Sorokin, Aleksey"]
[WhiteFideId "4158814"]
[BlackFideId "24176460"]
[WhiteElo "2736"]
[BlackElo "2476"]
[Result "1-0"]
[Round "06"]
[TimeControl "180+1"]
[Date "2021.10.26"]
[WhiteClock "0:00:06"]
[BlackClock "0:00:05"]

1. e4 c5 2. Nf3 d6 3. d4 cxd4 4. Nxd4 Nf6 5. Nc3 a6 6. Be3 e5 7. Nb3 Be7 8. Qf3 b5 9. Be2 b4 10. Nd5 Nxd5 11. exd5 f5 12. O-O-O O-O 13. g4 e4 14. Qh3 f4 15. Bd4 f3 16. Bc4 Nd7 17. Kb1 Nb6 18. Na5 Nxc4 19. Nxc4 Rb8 20. Rhe1 Rb5 21. Rxe4 Rxd5 22. Ne3 Rg5 23. Qg3 d5 24. Re5 Rf7 25. b3 Bd6 26. Re8+ Qxe8 27. Qxd6 Bxg4 28. Rg1 Rg6 29. Qxb4 Bf5 30. Re1 Be4 31. Nxd5 h6 32. Bxg7 Re6 33. Nf6+ Rfxf6 34. Bxf6 Bxc2+ 35. Kxc2 Rxe1 36. Qg4+ Kf7 37. Qg7+ Ke6 38. Bc3 Re2+ 39. Kc1 Qc6 40. Qxh6+ Kd7 41. Qg7+ Kc8 42. Kd1 Qd5+ 43. Bd4 Re4 44. Qf8+ Kd7 45. Qg7+ Kc6 46. Qh6+ Qd6 47. Qxd6+ Kxd6 48. Be3 Kd5 49. Kd2 Rh4 50. Bg5 Rg4 51. h4 Ke4 52. a4 Rg2 53. Be3 Rh2 54. b4 Rxh4 55. b5 axb5 56. axb5 Rh5 57. b6 Rb5 58. Kc3 Rb1 59. Kc4 Rb2 60. Kc5 Rc2+ 61. Kd6 Rb2 62. Kc6 Rc2+ 63. Bc5 Rb2 64. b7 Kd3 65. Ba7 Ke2 66. Kc7 Rc2+ 67. Kb8 Rb2 68. Ka8 Kf1 69. b8=Q Rxf2 70. Bxf2 Kxf2 71. Qf4 Kg2 72. Qg4+ Kf2 73. Kb7 Ke3 74. Qg1+ Ke2 75. Qg4 Ke3 76. Qg3 Ke2 77. Qe5+ Kf1 78. Qb5+ Kg1 79. Qb1+ Kh2 80. Qh7+ Kg1 81. Qg6+ Kf1 82. Qd3+ Kg2 83. Qe4 Kg3 84. Kc6 f2 85. Qh1 1-0


[Site "https://www.chess.com"]

[Event "Titled Tuesday Blitz October 26 2021"]
[White "Anuj Shrivatri"]
[Black "Pultinevicius, Paulius"]
[WhiteFideId "35070924"]
[BlackFideId "12809390"]
[WhiteElo "2038"]
[BlackElo "2467"]
[Result "0-1"]
[Round "06"]
[TimeControl "180+1"]
[Date "2021.10.26"]
[WhiteClock "0:00:04"]
[BlackClock "0:00:08"]

1. e4 c6 2. d4 d5 3. e5 Bf5 4. Nf3 e6 5. Be2 Ne7 6. O-O Ng6 7. a4 a5 8. Nbd2 Nd7 9. Re1 f6 10. exf6 Qxf6 11. Nf1 Bd6 12. Ng3 O-O 13. Bg5 Qf7 14. Nxf5 exf5 15. Nh4 Nxh4 16. Bxh4 Rae8 17. Bd3 Rxe1+ 18. Qxe1 Re8 19. Qd1 h6 20. f3 Qh5 21. Bg3 Bxg3 22. hxg3 Qg5 23. Kh2 Nf6 24. Qc1 Re3 25. Qd2 Nh5 26. Qf2 f4 27. gxf4 Nxf4 28. Bf1 Re6 29. Re1 Rg6 30. Re5 Qf6 31. g3 Ne6 32. Bd3 Rg5 33. f4 Rxe5 34. dxe5 Qe7 35. f5 Ng5 36. Qf4 Qxe5 37. Qg4 Kf8 38. f6 Qxf6 39. Qc8+ Ke7 40. Qxb7+ Kd6 41. Qb8+ Kd7 42. Qb7+ Kd6 43. Qb8+ Ke6 44. Qe8+ Qe7 45. Qxc6+ Qd6 46. Qe8+ Qe7 47. Qg6+ Kd7 48. Bb5+ Kd8 49. Qb6+ Qc7 50. Qf2 Qe5 51. Qf8+ Kc7 52. Qc5+ Kd8 53. Qf8+ Kc7 54. Qc5+ Kb8 55. Qb6+ Kc8 56. Ba6+ Kd7 57. Bb5+ Ke7 58. Qb7+ Kf6 59. Qb6+ Kf5 60. Bd3+ Kg4 61. Qf2 Nf3+ 62. Kg2 Ne1+ 63. Kg1 Nxd3 64. cxd3 d4 65. Kg2 Qd5+ 66. Kh2 g5 67. Qe2+ Kf5 68. g4+ Kf4 69. Kh3 Qf3+ 70. Qxf3+ Kxf3 71. b4 axb4 72. a5 b3 73. a6 b2 74. a7 b1=Q 75. a8=Q+ Ke2 76. Qe4+ Kd2 77. Qxd4 Qxd3+ 0-1


[Site "https://www.chess.com"]

[Event "Titled Tuesday Blitz October 26 2021"]
[White "Bacrot, Etienne"]
[Black "Rozman, Levy"]
[WhiteFideId "605506"]
[BlackFideId "2039877"]
[WhiteElo "2673"]
[BlackElo "2376"]
[Result "1-0"]
[Round "06"]
[TimeControl "180+1"]
[Date "2021.10.26"]
[WhiteClock "0:00:46"]
[BlackClock "0:00:06"]

1. e4 c6 2. Nf3 d5 3. Nc3 dxe4 4. Nxe4 Nf6 5. Qe2 Nxe4 6. Qxe4 Be6 7. b3 Nd7 8. Bb2 Nf6 9. Qe2 Bf5 10. O-O-O e6 11. Nh4 Bg6 12. Nxg6 hxg6 13. g3 a5 14. a4 Qd5 15. f3 Bb4 16. Bg2 O-O 17. f4 Qf5 18. h4 Rac8 19. Bf3 b5 20. Qe5 bxa4 21. bxa4 Rfd8 22. h5 Qxe5 23. fxe5 Nxh5 24. Rh3 Kf8 25. c3 Be7 26. g4 Rd3 27. gxh5 gxh5 28. Rxh5 g6 29. Rh8+ 1-0


[Site "https://www.chess.com"]

[Event "Titled Tuesday Blitz October 26 2021"]
[White "Beerdsen, Thomas"]
[Black "Moroni, Luca Jr"]
[WhiteFideId "1030108"]
[BlackFideId "865834"]
[WhiteElo "2585"]
[BlackElo "2491"]
[Result "1-0"]
[Round "06"]
[TimeControl "180+1"]
[Date "2021.10.26"]
[WhiteClock "0:00:10"]
[BlackClock "0:00:02"]

1. h3 g6 2. g4 Bg7 3. Bg2 d5 4. e3 c5 5. Ne2 Nc6 6. Nbc3 e6 7. Ng3 Nf6 8. g5 Nd7 9. h4 b6 10. f4 Bb7 11. h5 Qc7 12. h6 Bxc3 13. bxc3 O-O-O 14. Qg4 f5 15. gxf6 Nxf6 16. Qxe6+ Nd7 17. O-O Rhe8 18. Qxd5 Nde5 19. Qb3 Na5 20. Qa4 Bxg2 21. Kxg2 Ng4 22. e4 a6 23. d3 b5 24. Qa3 Kb7 25. Rb1 Ka7 26. c4 bxc4 27. Bd2 Nb7 28. Rb2 Rd6 29. Rfb1 Rb8 30. e5 Rc6 31. Ne4 cxd3 32. cxd3 c4 33. Kf3 1-0


[Site "https://www.chess.com"]

[Event "Titled Tuesday Blitz October 26 2021"]
[White "Bernadskiy, Vitaliy"]
[Black "Tregubov, Pavel V."]
[WhiteFideId "14100371"]
[BlackFideId "4115341"]
[WhiteElo "2510"]
[BlackElo "2423"]
[Result "0-1"]
[Round "06"]
[TimeControl "180+1"]
[Date "2021.10.26"]
[WhiteClock "0:00:50"]
[BlackClock "0:01:12"]

1. d4 Nf6 2. g3 d5 3. Bg2 c5 4. e3 Nc6 5. Ne2 Bf5 6. O-O e6 7. Nbc3 Be7 8. a3 cxd4 9. exd4 O-O 10. h3 h6 11. Nf4 Rc8 12. Nce2 b5 13. c3 a5 14. b4 Nb8 15. Nd3 Bxd3 16. Qxd3 Qb6 17. g4 Nbd7 18. f4 Qc6 19. f5 e5 20. Qg3 Bd6 21. Qh4 Qc4 22. Qf2 Ne4 23. Bxe4 dxe4 24. Be3 Nf6 25. Rad1 axb4 26. axb4 Nd5 27. f6 Nxf6 28. Bxh6 gxh6 29. Qxf6 Qxe2 30. Qxd6 Rxc3 31. Qxe5 Rxh3 0-1


[Site "https://www.chess.com"]

[Event "Titled Tuesday Blitz October 26 2021"]
[White "Cardoso Cardoso, Jose Gabriel"]
[Black "Korchmar, Vasiliy"]
[WhiteFideId "4430492"]
[BlackFideId "24131750"]
[WhiteElo "2343"]
[BlackElo "2370"]
[Result "0-1"]
[Round "06"]
[TimeControl "180+1"]
[Date "2021.10.26"]
[WhiteClock "0:00:01"]
[BlackClock "0:00:11"]

1. d4 Nf6 2. Nc3 d5 3. Bf4 a6 4. e3 b5 5. Nf3 Bb7 6. Ne5 e6 7. a4 b4 8. Ne2 Nbd7 9. Ng3 c5 10. Bd3 c4 11. Be2 Be7 12. O-O O-O 13. Bf3 Nxe5 14. dxe5 Nd7 15. e4 g5 16. Be3 Nxe5 17. Bd4 Nxf3+ 18. gxf3 dxe4 19. fxe4 Bf6 20. c3 Qe7 21. Qg4 Kh8 22. e5 Bg7 23. Rad1 bxc3 24. bxc3 f5 25. exf6 Bxf6 26. Bxf6+ Qxf6 27. Qd4 Bd5 28. Rfe1 Rab8 29. Ne4 Qxd4 30. Rxd4 Rb2 31. Nd2 Rf4 0-1


[Site "https://www.chess.com"]

[Event "Titled Tuesday Blitz October 26 2021"]
[White "Carnicelli, Valerio"]
[Black "Kobalia, Mikhail"]
[WhiteFideId "856185"]
[BlackFideId "4119150"]
[WhiteElo "2332"]
[BlackElo "2590"]
[Result "0-1"]
[Round "06"]
[TimeControl "180+1"]
[Date "2021.10.26"]
[WhiteClock "0:00:09"]
[BlackClock "0:00:19"]

1. e4 c5 2. Nf3 e6 3. d4 cxd4 4. Nxd4 a6 5. g3 d6 6. Bg2 Nf6 7. O-O Be7 8. c4 O-O 9. Nc3 Qc7 10. b3 Nc6 11. Nxc6 bxc6 12. Bb2 e5 13. Qd2 Nd7 14. f4 Nc5 15. f5 a5 16. Ba3 Qb6 17. Kh1 Ba6 18. f6 gxf6 19. Qh6 Kh8 20. Bh3 Rg8 21. Bf5 Rg7 22. Qe3 Rb8 23. Rad1 Bc8 24. Bxc5 dxc5 25. Bxc8 Rxc8 26. Rd7 Rc7 27. Rfd1 Qb7 28. Qd3 Rg8 29. Rxc7 Qxc7 30. Qd7 Qxd7 31. Rxd7 Re8 32. Kg2 Kg7 33. Nd1 f5 34. exf5 e4 35. Ne3 Bg5 36. Kf2 h5 37. Ke2 h4 38. g4 h3 39. f6+ Kxf6 40. Rd6+ Re6 41. Rd8 Bxe3 42. Kxe3 Kg5 43. Rh8 Kxg4 44. Rg8+ Kf5 45. Rg3 Rd6 0-1


[Site "https://www.chess.com"]

[Event "Titled Tuesday Blitz October 26 2021"]
[White "Gaehwiler, Gabriel"]
[Black "Abarca Gonzalez, Nicolas"]
[WhiteFideId "1314530"]
[BlackFideId "3409422"]
[WhiteElo "2320"]
[BlackElo "2504"]
[Result "0-1"]
[Round "06"]
[TimeControl "180+1"]
[Date "2021.10.26"]
[WhiteClock "0:00:07"]
[BlackClock "0:01:12"]

1. d4 Nf6 2. c4 e5 3. dxe5 Ng4 4. Nf3 Bc5 5. e3 Nc6 6. Be2 Ngxe5 7. Nxe5 Nxe5 8. Nc3 O-O 9. O-O a5 10. Ne4 Ba7 11. b3 Re8 12. Bb2 Bb8 13. f4 Ng6 14. Bd3 Ra6 15. Qh5 Qh4 16. Qxh4 Nxh4 17. Rae1 Ba7 18. Bd4 Bb8 19. f5 d5 20. Nc5 Rd6 21. g3 dxc4 22. bxc4 Rxd4 23. exd4 Rxe1 24. Rxe1 Nf3+ 25. Kf2 Nxe1 26. Kxe1 Kf8 27. Be4 c6 28. Nd3 Ke7 29. Kd2 Kf6 30. Nc5 h5 31. Ke3 Ba7 32. Nb3 a4 33. Na5 Bb6 34. Nxc6 bxc6 35. c5 Ba5 0-1


[Site "https://www.chess.com"]

[Event "Titled Tuesday Blitz October 26 2021"]
[White "Gokerkan, Cem Kaan"]
[Black "Iskusnyh, Sergei"]
[WhiteFideId "6336760"]
[BlackFideId "4120027"]
[WhiteElo "2382"]
[BlackElo "2492"]
[Result "1-0"]
[Round "06"]
[TimeControl "180+1"]
[Date "2021.10.26"]
[WhiteClock "0:02:00"]
[BlackClock "0:00:01"]

1. e4 e6 2. d4 d5 3. Nc3 Nf6 4. e5 Nfd7 5. f4 c5 6. Nf3 Be7 7. Be3 O-O 8. Qd2 a6 9. Be2 b5 10. O-O Nc6 11. Nd1 b4 12. Nf2 a5 13. c3 Ba6 14. Bxa6 Rxa6 15. f5 bxc3 16. bxc3 cxd4 17. cxd4 exf5 18. Qd3 Qc8 19. Rac1 g6 20. Qb5 Rb6 21. Qxd5 Qb7 22. Bh6 Re8 23. e6 fxe6 24. Qxe6+ Kh8 25. Qf7 Rg8 26. Rxc6 Qxc6 27. Qxe7 Qe6 28. Qh4 Nf6 29. d5 Qd6 30. Bf4 Qxd5 31. Be5 1-0


[Site "https://www.chess.com"]

[Event "Titled Tuesday Blitz October 26 2021"]
[White "Gupta, Abhijeet"]
[Black "Nakamura, Hikaru"]
[WhiteFideId "5010608"]
[BlackFideId "2016192"]
[WhiteElo "2549"]
[BlackElo "2884"]
[Result "0-1"]
[Round "06"]
[TimeControl "180+1"]
[Date "2021.10.26"]
[WhiteClock "0:00:47"]
[BlackClock "0:01:57"]

1. d4 Nf6 2. c4 e6 3. Nc3 Bb4 4. e3 O-O 5. Bd2 c5 6. a3 Bxc3 7. Bxc3 Ne4 8. Rc1 b6 9. Bd3 Bb7 10. Nf3 d6 11. Bxe4 Bxe4 12. d5 exd5 13. Nd2 Bd3 14. Qg4 d4 15. exd4 Re8+ 16. Kd1 Qe7 17. Ne4 Qxe4 18. Qxe4 Rxe4 19. Kd2 Bxc4 20. Rhe1 Rxe1 21. Rxe1 Nc6 22. dxc5 dxc5 0-1


[Site "https://www.chess.com"]

[Event "Titled Tuesday Blitz October 26 2021"]
[White "Hambleton, Aman"]
[Black "Alexakis, Dimitris"]
[WhiteFideId "2606577"]
[BlackFideId "4277023"]
[WhiteElo "2552"]
[BlackElo "2409"]
[Result "1-0"]
[Round "06"]
[TimeControl "180+1"]
[Date "2021.10.26"]
[WhiteClock "0:00:03"]
[BlackClock "0:00:05"]

1. d4 Nf6 2. Bf4 d5 3. e3 c5 4. c3 Nc6 5. Nd2 a6 6. Ngf3 Bg4 7. Qb3 Na5 8. Qc2 e6 9. dxc5 Nc6 10. b4 a5 11. Bb5 axb4 12. cxb4 Nd7 13. Qb3 Be7 14. O-O O-O 15. h3 Bh5 16. Rac1 Kh8 17. a4 Qc8 18. a5 f6 19. Bg3 Bf7 20. e4 dxe4 21. Nxe4 e5 22. Bc4 Bxc4 23. Qxc4 f5 24. Neg5 Bxg5 25. Nxg5 Qe8 26. Ne6 f4 27. Nxf8 Qxf8 28. Bh2 Qf5 29. Rcd1 Nf6 30. f3 h5 31. Rfe1 Re8 32. Kh1 g5 33. b5 Nd4 34. Rxd4 exd4 35. Rxe8+ Nxe8 36. Qxd4+ Kh7 37. Bg1 Nf6 38. c6 bxc6 39. bxc6 g4 40. fxg4 hxg4 41. hxg4 Nxg4 42. Qd7+ Kg6 43. Qxf5+ Kxf5 44. c7 1-0


[Site "https://www.chess.com"]

[Event "Titled Tuesday Blitz October 26 2021"]
[White "Indjic, Aleksandar"]
[Black "Preotu, Razvan"]
[WhiteFideId "911925"]
[BlackFideId "2613280"]
[WhiteElo "2643"]
[BlackElo "2407"]
[Result "1-0"]
[Round "06"]
[TimeControl "180+1"]
[Date "2021.10.26"]
[WhiteClock "0:00:45"]
[BlackClock "0:00:05"]

1. d4 Nf6 2. Nf3 g6 3. Nc3 d5 4. Bf4 Bg7 5. Nb5 Na6 6. e3 Ne4 7. Nd2 Nxd2 8. Qxd2 O-O 9. c4 c5 10. cxd5 Qxd5 11. Nc3 Qd8 12. d5 e6 13. d6 e5 14. Bg3 Be6 15. Be2 h5 16. h3 h4 17. Bh2 Qg5 18. Bf3 Rad8 19. Bxb7 Nb8 20. Ne4 Qh6 21. Nxc5 Bf5 22. O-O Nd7 23. Nxd7 Rxd7 24. Bc6 Qg5 25. Bxd7 Bxd7 26. f4 exf4 27. Bxf4 Qh5 28. e4 Rb8 29. e5 Bxe5 30. Bxe5 Qxe5 31. b3 Rb6 32. Rad1 Rc6 33. Qf4 Qxf4 34. Rxf4 Rc2 35. Rc4 1-0


[Site "https://www.chess.com"]

[Event "Titled Tuesday Blitz October 26 2021"]
[White "Jones, Gawain C B"]
[Black "Grischuk, Alexander"]
[WhiteFideId "409561"]
[BlackFideId "4126025"]
[WhiteElo "2657"]
[BlackElo "2757"]
[Result "0-1"]
[Round "06"]
[TimeControl "180+1"]
[Date "2021.10.26"]
[WhiteClock "0:00:05"]
[BlackClock "0:00:02"]

1. e4 c5 2. Nc3 d6 3. Bb5+ Bd7 4. Bxd7+ Qxd7 5. d4 cxd4 6. Qxd4 Nc6 7. Qd3 g6 8. Nf3 Bg7 9. O-O Nf6 10. Bg5 O-O 11. Nd5 Nh5 12. c3 h6 13. Be3 Kh7 14. Rfd1 Rac8 15. h3 Nf6 16. a4 Qe6 17. a5 Rfd8 18. Ra4 Nd7 19. Nd4 Nxd4 20. cxd4 Nf6 21. Nc3 Qb3 22. Raa1 Qxb2 23. Bd2 Qb3 24. Rdb1 Qc4 25. Qe3 Nd7 26. Ra4 Qa6 27. Nd5 e6 28. Nb4 Qc4 29. d5 exd5 30. exd5 Re8 31. Qxa7 Nc5 32. Ra3 Bd4 33. Be3 Bxe3 34. Rxe3 Rxe3 35. fxe3 Qe4 36. Rf1 Qxb4 37. Rxf7+ Kg8 38. Rf1 Qb5 39. Rf4 Qa6 40. Qxa6 bxa6 41. Rf6 Rd8 42. Rxg6+ Kh7 43. Rg4 Nb3 44. Rb4 Nxa5 45. Ra4 Nb3 46. Rxa6 Nc5 47. Ra7+ Kg6 48. Kf2 Nd3+ 49. Kg3 Ne5 50. Re7 Nf7 51. Re6+ Kg7 52. Kf4 Rc8 53. e4 Rc1 54. h4 Rf1+ 55. Ke3 Rf6 56. Re7 Kf8 57. Rc7 Ne5 58. Rc8+ Kg7 59. Rc7+ Kf8 60. Kd4 Rg6 61. Rh7 Rg3 0-1


[Site "https://www.chess.com"]

[Event "Titled Tuesday Blitz October 26 2021"]
[White "Kamsky, Gata"]
[Black "Wagh Suyog"]
[WhiteFideId "2000024"]
[BlackFideId "25071688"]
[WhiteElo "2603"]
[BlackElo "2219"]
[Result "1-0"]
[Round "06"]
[TimeControl "180+1"]
[Date "2021.10.26"]
[WhiteClock "0:01:18"]
[BlackClock "0:00:30"]

1. g3 e5 2. Bg2 d5 3. b3 Nc6 4. Bb2 Nf6 5. d3 Bc5 6. e3 Be6 7. Nd2 Qd7 8. h3 h5 9. a3 O-O-O 10. b4 Bd6 11. Ngf3 e4 12. Ng5 exd3 13. Nxe6 Qxe6 14. cxd3 Be5 15. Bxe5 Nxe5 16. Nf3 Nxf3+ 17. Qxf3 Qe5 18. O-O Kb8 19. Rfc1 g5 20. b5 g4 21. Qf4 Qxf4 22. gxf4 Rdg8 23. Kf1 h4 24. Ke2 g3 25. Bf3 gxf2 26. Kxf2 Rg3 27. Rh1 Rhg8 28. a4 c6 29. Rac1 Kc7 30. e4 dxe4 31. dxe4 Rd8 32. Rhd1 Rxd1 33. Rxd1 Rxh3 34. bxc6 bxc6 35. e5 Nd7 36. Rxd7+ Kxd7 37. Bg4+ 1-0


[Site "https://www.chess.com"]

[Event "Titled Tuesday Blitz October 26 2021"]
[White "Lazavik, Denis"]
[Black "Vakhlamov, Igor L."]
[WhiteFideId "13515110"]
[BlackFideId "24126748"]
[WhiteElo "2436"]
[BlackElo "2416"]
[Result "1-0"]
[Round "06"]
[TimeControl "180+1"]
[Date "2021.10.26"]
[WhiteClock "0:00:05"]
[BlackClock "0:00:02"]

1. d4 d5 2. c4 c6 3. Nf3 Nf6 4. Nc3 a6 5. cxd5 cxd5 6. Bf4 Nc6 7. e3 Bg4 8. h3 Bxf3 9. Qxf3 e6 10. Bd3 Bd6 11. Bg5 h6 12. Bh4 Be7 13. O-O O-O 14. Rac1 Rc8 15. Qe2 Nd7 16. Bg3 f5 17. a3 Na5 18. Rc2 Nc4 19. Rfc1 b5 20. Qd1 Nf6 21. a4 Qb6 22. axb5 axb5 23. Ne2 Ne4 24. Bxe4 fxe4 25. b3 Nd6 26. Bxd6 Rxc2 27. Bxe7 Rxc1 28. Qxc1 Ra8 29. Nf4 Kf7 30. Bc5 Qa5 31. Kh2 Qa1 32. Qxa1 Rxa1 33. b4 Ra2 34. h4 Rxf2 35. Kg3 Rc2 36. h5 Kf6 37. Bd6 Rb2 38. Kg4 Rb3 39. Ng6 Rxe3 40. Nh8 Re2 41. Be5+ Ke7 42. Kg3 Kf8 43. Bd6+ Kg8 44. Ng6 Rd2 45. Bc5 e3 46. Kf3 e2 47. Kf2 e1=Q+ 48. Kxe1 Rxg2 49. Ne7+ Kf7 50. Nc8 Rh2 51. Nd6+ Kf6 52. Nxb5 Rxh5 53. Nc7 Rh1+ 54. Kf2 Rb1 55. b5 g5 56. b6 h5 57. Na6 Rb5 58. Nc7 Rb2+ 59. Kf1 g4 60. Na6 Rb5 61. Nb4 Kf5 62. Kf2 e5 63. Nxd5 exd4 64. Ne7+ Ke6 65. Nc6 Rxc5 66. b7 Rb5 67. Nxd4+ Kd7 68. Nxb5 Kc6 69. b8=Q h4 70. Nd4+ Kd5 71. Ne2 g3+ 72. Kg2 Ke4 73. Qe8+ Kf5 74. Qh5+ Ke4 75. Qxh4+ Kf5 76. Nxg3+ 1-0


[Site "https://www.chess.com"]

[Event "Titled Tuesday Blitz October 26 2021"]
[White "Mamedyarov, Shakhriyar"]
[Black "Bluebaum, Matthias"]
[WhiteFideId "13401319"]
[BlackFideId "24651516"]
[WhiteElo "2754"]
[BlackElo "2681"]
[Result "1/2-1/2"]
[Round "06"]
[TimeControl "180+1"]
[Date "2021.10.26"]
[WhiteClock "0:01:10"]
[BlackClock "0:02:06"]

1. d4 Nf6 2. c4 e6 3. Nc3 Bb4 4. f3 d5 5. a3 Be7 6. e4 dxc4 7. Bxc4 c5 8. Nge2 Nc6 9. d5 exd5 10. Nxd5 O-O 11. Bf4 Nxd5 12. Bxd5 Be6 13. O-O Rc8 14. Rc1 Bf6 15. Be3 Bxb2 16. Rb1 Bxa3 17. Rxb7 Bxd5 18. exd5 Nd4 19. Rxa7 Bb4 20. Nxd4 cxd4 21. Bxd4 Qxd5 22. Bf2 Qxd1 23. Rxd1 Bc5 24. Bxc5 Rxc5 25. Rad7 g6 26. Rd8 Rxd8 27. Rxd8+ Kg7 28. Rd2 Rc1+ 29. Kf2 h5 30. h4 Rc4 31. Kg3 Ra4 32. Kh3 Rb4 33. Kg3 Ra4 34. Kh3 Rb4 35. Kg3 Ra4 1/2-1/2


[Site "https://www.chess.com"]

[Event "Titled Tuesday Blitz October 26 2021"]
[White "Martinez Alcantara, Jose Eduardo"]
[Black "Savchenko, Boris"]
[WhiteFideId "3805662"]
[BlackFideId "4147332"]
[WhiteElo "2690"]
[BlackElo "2526"]
[Result "1-0"]
[Round "06"]
[TimeControl "180+1"]
[Date "2021.10.26"]
[WhiteClock "0:00:02"]
[BlackClock "0:00:01"]

1. e4 c5 2. Nf3 d6 3. d4 cxd4 4. Nxd4 Nf6 5. Nc3 a6 6. h3 e5 7. Nb3 h5 8. f4 h4 9. Be2 Qb6 10. Qd3 Nc6 11. Be3 Qc7 12. O-O-O Be6 13. Kb1 Be7 14. f5 Bd7 15. a3 Rc8 16. Bg5 b5 17. Bxf6 gxf6 18. Nd5 Qb8 19. g3 hxg3 20. Rhg1 Rxh3 21. Rxg3 Rh8 22. Rdg1 Kd8 23. Rg8+ Rxg8 24. Rxg8+ Be8 25. Bh5 Kd7 26. Qe3 Rd8 27. Qh6 Qb7 28. Qh8 a5 29. c3 a4 30. Nc1 Na5 31. Nd3 Nc4 32. Ka2 Nd2 33. Qh7 Nxe4 34. Bxf7 Bxf7 35. Qxf7 Rxg8 36. Qe6+ Kc6 37. Nxe7+ Kb6 38. Nxg8 Nxc3+ 39. bxc3 Qg2+ 40. Nb2 e4 41. Nxf6 Ka5 42. Nxe4 Qd2 43. Qxd6 1-0


[Site "https://www.chess.com"]

[Event "Titled Tuesday Blitz October 26 2021"]
[White "Mikhailovsky, Vladimir"]
[Black "Shyaamnikhil P"]
[WhiteFideId "34105414"]
[BlackFideId "5024218"]
[WhiteElo "2402"]
[BlackElo "2300"]
[Result "1-0"]
[Round "06"]
[TimeControl "180+1"]
[Date "2021.10.26"]
[WhiteClock "0:00:05"]
[BlackClock "0:00:08"]

1. d4 Nf6 2. Nc3 e6 3. e4 d5 4. e5 Nfd7 5. f4 c5 6. Nce2 Nc6 7. Nf3 a5 8. Be3 a4 9. c3 a3 10. b3 Be7 11. g3 O-O 12. Bg2 f6 13. exf6 Nxf6 14. O-O Ng4 15. Qd2 cxd4 16. Nexd4 Nxe3 17. Qxe3 Nxd4 18. cxd4 Bb4 19. Rac1 Bd7 20. Ne5 Bb5 21. Rf2 Rc8 22. Rfc2 Rxc2 23. Rxc2 Qd6 24. Bh3 Re8 25. Nd3 Bxd3 26. Qxd3 Qb6 27. Kg2 g6 28. Re2 Kf7 29. Bg4 Bf8 30. h4 Bg7 31. Rd2 Rc8 32. h5 Rc6 33. hxg6+ hxg6 34. Qe3 Qd8 35. Qe2 Qb6 36. Qe3 Qb4 37. Kh3 Ke7 38. Qd3 Kf7 39. Qe3 Bf6 40. Be2 Ke7 41. Bg4 Qc3 42. Rd3 Qc1 43. Qxc1 Rxc1 44. Rd2 Rb1 45. Re2 Bxd4 46. Rxe6+ Kf7 47. Rd6 b6 48. Rxd5 Bc5 49. Bd7 Rb2 50. Bb5 Rxa2 51. Bc4 Rb2 52. Rxc5+ Kg7 53. Rc7+ Kf8 54. Ra7 b5 55. Bxb5 Rxb3 56. Bc4 Rc3 57. Be6 Re3 58. Bd5 Rd3 59. Bc4 Rc3 60. Bf7 a2 61. Bxa2 1-0


[Site "https://www.chess.com"]

[Event "Titled Tuesday Blitz October 26 2021"]
[White "Mirzoev, Azer"]
[Black "Shipov, Sergei"]
[WhiteFideId "13400304"]
[BlackFideId "4113624"]
[WhiteElo "2525"]
[BlackElo "2803"]
[Result "0-1"]
[Round "06"]
[TimeControl "180+1"]
[Date "2021.10.26"]
[WhiteClock "0:00:01"]
[BlackClock "0:00:16"]

1. d4 d5 2. Nf3 e6 3. Bf4 Bd6 4. Bg3 c5 5. e3 Nf6 6. Nbd2 O-O 7. c3 Qc7 8. Bd3 Nbd7 9. O-O e5 10. e4 exd4 11. cxd4 Bxg3 12. hxg3 dxe4 13. Nxe4 Nxe4 14. Bxe4 Nf6 15. Bd3 cxd4 16. Qa4 Rd8 17. Rfd1 Bg4 18. Rac1 Qb6 19. Qb5 Qxb5 20. Bxb5 a6 21. Bf1 Rac8 22. Rxc8 Rxc8 23. Rxd4 h6 24. a3 Rc1 25. Rc4 Rb1 26. Rb4 b5 27. a4 Bd7 28. Ne5 Be8 29. Nd3 bxa4 30. f3 Bb5 31. Rd4 Nd7 32. Kf2 Ne5 33. Nxe5 Rxf1+ 34. Ke3 Re1+ 35. Kf4 f6 36. Ng6 Kf7 37. Nh8+ Ke6 38. Ng6 Re2 39. Re4+ Rxe4+ 40. Kxe4 Bc6+ 41. Kd4 Kf7 42. Nf4 g5 43. Nd5 Bb5 44. Ne3 Ke6 45. g4 Kf7 46. Nf5 Kg6 47. Ng3 Bd7 48. Kc5 f5 49. gxf5+ Bxf5 50. Kb6 Bd3 51. Kc5 h5 52. Kd4 Bb5 0-1


[Site "https://www.chess.com"]